 Dungeon Sprint DCSS version 0.21.0-3-g78d12a8 (webtiles) character file.

8330 wojtek the Severer (level 11, -6/111 HPs)
             Began as a Minotaur Berserker on Jan 17, 2018.
             Was the Champion of Trog.
             Mangled by Rupert
             ... wielding a +6 vampiric battleaxe
              (26 damage)
             ... in the Dungeon (Sprint III: "The Ten Rune Challenge").
             The game lasted 00:09:16 (2428 turns).

wojtek the Severer (Minotaur Berserker)             Turns: 2428, Time: 00:09:17

Health: -6/111     AC: 19    Str: 25    XL:     11   Next: 8%
Magic:  10/10      EV: 13    Int:  4    God:    Trog [******]
Gold:   1289       SH:  0    Dex: 10    Spells: 10/10 levels left

rFire    . . .     SeeInvis +   v - +5 executioner's axe (venom)
rCold    . . .     Gourm    .   (shield currently unavailable)
rNeg     . . .     Faith    .   z - +0 plate armour
rPois    +         Spirit   .   (helmet restricted)
rElec    .         Reflect  .   m - +1 cloak {+Inv}
rCorr    .         Harm     .   (no gloves)
MR       .....     NoTele   +   (no boots)
Stlth    ..........             (no amulet)
HPRegen  0.28/turn              j - ring of see invisible
MPRegen  0.12/turn              A - ring of poison resistance

@: berserk cooldown, slowed, very slow
A: retaliatory headbutt, horns 2
a: Berserk, Trog's Hand, Brothers in Arms, Burn Spellbooks, Renounce Religion,
Evoke Invisibility


You were in the Dungeon.
You worshipped Trog.
Trog was exalted by your worship.
You were hungry.

You visited 1 branch You collected 1489 gold pieces.
You spent 200 gold pieces at shops.

Inventory:

Hand Weapons
 l - a +3 battleaxe of electrocution
 v - a +5 executioner's axe of venom (weapon)
 w - a +3 antimagic broad axe
 y - a +2 war axe of electrocution
 B - a +6 antimagic executioner's axe
 C - a +3 battleaxe of chopping
 D - a +1 antimagic battleaxe
Missiles
 x - 8 throwing nets (quivered)
Armour
 b - a +0 animal skin
 m - a +1 cloak of invisibility (worn)
 z - a +0 plate armour (worn)
Jewellery
 j - a ring of see invisible (left hand)
 A - a ring of poison resistance (right hand)
Wands
 u - a wand of polymorph (14)
Scrolls
 i - a scroll of blinking
 n - a scroll of holy word {unknown}
 o - 3 scrolls of identify
 p - 3 scrolls of remove curse
 r - a scroll of immolation {unknown}
Potions
 d - a potion of curing
 f - a potion of haste
 g - 2 potions of magic
 h - 2 potions of berserk rage
 k - a potion of cancellation {unknown}
 q - a potion of flight {unknown}
 s - 2 potions of might
 t - 6 potions of mutation
Comestibles
 a - 3 chunks of flesh
 c - 14 rations


   Skills:
 + Level 14.5 Fighting
 * Level 19.2 Axes
 + Level 14.3 Armour
 + Level 13.2 Dodging


You had 10 spell levels left.
You didn't know any spells.

Dungeon Overview and Level Annotations

Branches:
Dungeon (1/1)

Altars:
Cheibriados
Dithmenos
Elyvilon
Fedhas
Gozag
Hepliaklqana
Kikubaaqudgha
Makhleb
Nemelex Xobeh
Okawaru
Qazlal
Ru
Sif Muna
Trog
Uskayaw
Vehumet
Wu Jian
Xom
Yredelemnul
Zin
The Shining One
Beogh
Jiyva
Lugonu

Shops:
D =

Annotations:
D Rupert


Innate Abilities, Weirdness & Mutations

You reflexively headbutt those who attack you in melee.
You have a pair of horns on your head.


Message History

You barely miss Rupert.
Rupert is severely wounded.
Rupert hits you with a vampiric battleaxe!
* * * LOW HITPOINT WARNING * * *
Rupert draws strength from your wounds! Rupert misses you.
Unknown command.
You slash Rupert!
Rupert looks as sick as possible!
Your headbutt misses Rupert.
Rupert is severely wounded.
Rupert completely misses you.
Your cyclops rages.
Rupert hits you with a vampiric battleaxe!
* * * LOW HITPOINT WARNING * * *
You feel much better. Rupert closely misses you.
Your cyclops rages.
You slash Rupert!
Rupert looks as sick as possible!
You headbutt Rupert.
Rupert is almost dead.
Rupert barely misses you. You furiously retaliate!
You headbutt Rupert!
Rupert hits you with a vampiric battleaxe!!
You die...

▓....÷............#___#__'
▓▓▓▓▓▓▓▓▓▓▓▓▓▓▓▓▓▓▓▓▓▓▓▓▓▓
+≈≈≈≈≈≈≈.≈♣♣.....♣♣♣♣
#≈≈§§§§.≈≈♣♣.≈≈≈≈'♣♣'
#≈≈§§§§§≈≈.÷....÷#.÷♣
#≈≈≈C§§≈≈≈♣♣♣♣♣♣♣#.)♣
#≈≈≈§§≈.≈≈♣ ###+
##+####'#######
.......@@......
#+#############


You could see Rupert (berserk) and a friendly cyclops (berserk).

Vanquished Creatures
  Erolcha (D)
  An orc high priest (D)
  A deep elf mage (D)
  A rime drake (D)
  2 spiny frogs (D)
  A komodo dragon (D)
  5 blink frogs (D)
  3 wandering mushrooms (D)
  2 redbacks (D)
  A shadow (D)
  A spatial vortex (D)
  A swamp drake (D)
  A necrophage (D)
  5 two-headed ogres (D)
  A water elemental (D)
  23 killer bees (D)
  A jelly (D)
  Crazy Yiuf (D)
  A wizard (D)
  A necromancer (D)
  A kobold demonologist (D)
  3 humans (D)
  2 oozes (D)
  3 orcs (D)
  2 rats (D)
  3 plants (D)
68 creatures vanquished.

Vanquished Creatures (collateral kills)
  An orc knight (D)
  An orc sorcerer (D)
  A queen bee (D)
  4 orc warriors (D)
  9 killer bees (D)
  2 orc wizards (D)
  6 orcs (D)
24 creatures vanquished.

Vanquished Creatures (others)
  2 draconian scorchers (D)
  6 hellions (D)
  A yaktaur (D)
  An electric eel (D)
  3 plants (D)
13 creatures vanquished.

Grand Total: 105 creatures vanquished

Notes
Turn   | Place    | Note
-------+----------+-------------------------------------------
     0 | D        | wojtek the Minotaur Berserker began the quest for the Orb.
     0 | D        | Reached XP level 1. HP: 19/19 MP: 0/0
     3 | D        | Reached skill level 4 in Axes
     5 | D        | Reached XP level 2. HP: 22/27 MP: 1/1
    64 | D        | Reached ** piety under Trog
    81 | D        | Killed a yaktaur
    94 | D        | Killed a hellion
    95 | D        | Reached skill level 5 in Axes
   107 | D        | Killed a hellion
   108 | D        | Killed a hellion
   109 | D        | Killed a hellion
   117 | D        | Killed a hellion
   143 | D        | Noticed Crazy Yiuf
   149 | D        | Killed Crazy Yiuf
   149 | D        | Reached skill level 5 in Fighting
   149 | D        | Reached skill level 6 in Axes
   149 | D        | Reached XP level 3. HP: 21/36 MP: 2/2
   164 | D        | Killed a hellion
   165 | D        | Killed a white draconian scorcher
   166 | D        | Killed a white draconian scorcher
   303 | D        | Noticed a water elemental
   307 | D        | Killed a water elemental
   307 | D        | Reached skill level 8 in Axes
   307 | D        | Reached skill level 5 in Armour
   307 | D        | Reached skill level 5 in Dodging
   307 | D        | Reached XP level 4. HP: 44/44 MP: 3/3
   349 | D        | Found a radiant altar of Vehumet.
   349 | D        | Found a deep blue altar of Sif Muna.
   349 | D        | Found an ancient bone altar of Kikubaaqudgha.
   349 | D        | Noticed a wizard
   350 | D        | Killed a wizard
   350 | D        | Reached *** piety under Trog
   350 | D        | Reached XP level 5. HP: 51/51 MP: 4/4
   396 | D        | Found a glowing silver altar of Zin.
   397 | D        | Found a glowing golden altar of the Shining One.
   397 | D        | Found a white marble altar of Elyvilon.
   397 | D        | Noticed a deep elf mage
   401 | D        | Reached **** piety under Trog
   416 | D        | Killed a deep elf mage
   416 | D        | Reached skill level 12 in Axes
   416 | D        | Reached XP level 6. HP: 41/63 MP: 5/5
   416 | D        | Reached XP level 7. HP: 46/70 MP: 6/6
   570 | D        | Found a hide-covered altar of Uskayaw.
   570 | D        | Found a roughly hewn altar of Beogh.
   570 | D        | Found an iron altar of Okawaru.
   570 | D        | Found a bloodstained altar of Trog.
   570 | D        | Found an ornate altar of the Wu Jian Council.
   570 | D        | Noticed a human
   571 | D        | Noticed a human
   574 | D        | Reached ***** piety under Trog
   580 | D        | Killed a human
   582 | D        | Killed a human
   582 | D        | Reached skill level 13 in Axes
   656 | D        | Found a basalt altar of Yredelemnul.
   656 | D        | Found a shadowy altar of Dithmenos.
   656 | D        | Found a sacrificial altar of Ru.
   660 | D        | Received a gift from Trog
   660 | D        | Reached skill level 10 in Fighting
   661 | D        | Reached XP level 8. HP: 79/79 MP: 7/7
   721 | D        | Reached skill level 10 in Armour
   890 | D        | Found a blossoming altar of Fedhas.
   890 | D        | Found a stormy altar of Qazlal.
   891 | D        | Found a snail-covered altar of Cheibriados.
   891 | D        | Found a burning altar of Makhleb.
   891 | D        | Found a hazy altar of Hepliaklqana.
   891 | D        | Found a shimmering altar of Xom.
   891 | D        | Found an opulent altar of Gozag.
   891 | D        | Found a sparkling altar of Nemelex Xobeh.
   891 | D        | Found a corrupted altar of Lugonu.
   891 | D        | Found a viscous altar of Jiyva.
   925 | D        | Reached skill level 14 in Axes
   951 | D        | Noticed a two-headed ogre
   958 | D        | Killed a two-headed ogre
   958 | D        | Reached skill level 10 in Dodging
   965 | D        | Noticed a two-headed ogre
   965 | D        | Noticed Erolcha
   967 | D        | Killed a two-headed ogre
   967 | D        | Reached skill level 15 in Axes
   967 | D        | Reached XP level 9. HP: 70/89 MP: 8/8
   969 | D        | Killed Erolcha
   969 | D        | Received a gift from Trog
   973 | D        | Reached skill level 16 in Axes
  1203 | D        | Noticed an orc high priest
  1219 | D        | Noticed an orc knight
  1219 | D        | Noticed an orc sorcerer
  1223 | D        | Killed an orc high priest
  1228 | D        | Reached ****** piety under Trog
  1229 | D        | Received a gift from Trog
  1230 | D        | Killed an orc sorcerer
  1230 | D        | Reached XP level 10. HP: 44/100 MP: 9/9
  1241 | D        | Killed an orc knight
  1241 | D        | Reached skill level 17 in Axes
  1249 | D        | Received a gift from Trog
  1272 | D        | Found Mookhla's Jewellery Emporium.
  1272 | D        | Found a roughly hewn altar of Beogh.
  1340 | D        | Bought an uncursed ring of poison resistance for 200 gold pieces
  1709 | D        | Received a gift from Trog
  1720 | D        | Received a gift from Trog
  1735 | D        | Received a gift from Trog
  1747 | D        | Received a gift from Trog
  2009 | D        | Reached skill level 18 in Axes
  2055 | D        | Noticed a spiny frog
  2055 | D        | Noticed a spiny frog
  2058 | D        | Killed a spiny frog
  2061 | D        | Killed a spiny frog
  2267 | D        | Received a gift from Trog
  2283 | D        | Reached skill level 19 in Axes
  2283 | D        | Reached XP level 11. HP: 111/111 MP: 10/10
  2403 | D        | Noticed Rupert
  2418 | D        | Paralysed by Rupert for 6 turns
  2426 | D        | HP: 4/111 [Rupert/vampiric battleaxe (7)]
  2428 | D        | Mangled by Rupert

Skill      XL: |  1  2  3  4  5  6  7  8  9 10 |
---------------+-------------------------------+-----
Fighting       | 4 5 6 9 10 11 12 14 | 14.5
Axes           | 4 6 8 12 13 15 16 19 | 19.2
Armour         | 3 4 5 8 9 11 12 14 | 14.3
Dodging        | 4 5 8 10 11 13 | 13.2

Action                   |  1- 3 |  4- 6 |  7- 9 | 10-12 || total
-------------------------+-------+-------+-------+-------++-------
Melee: Hand axe          |    16 |    11 |    12 |       ||    39
       Headbutt          |     3 |     1 |    11 |    11 ||    26
       Executioner's axe |       |       |    40 |    57 ||    97
       Battleaxe         |       |       |       |    16 ||    16
Invok: Berserk           |     2 |     2 |     1 |     2 ||     7
       Burn Spellbooks   |       |     1 |     1 |       ||     2
       Brothers in Arms  |       |       |     2 |     3 ||     5
  Use: Potion            |       |       |       |     1 ||     1
 Stab: Distracted        |       |       |       |     1 ||     1
  Eat: Ration            |       |     1 |       |     1 ||     2
       Chunk             |       |       |     3 |     3 ||     6
Armor: Animal skin       |       |       |     4 |     1 ||     5
       Plate armour      |       |       |       |    53 ||    53
Dodge: Dodged            |    11 |     4 |    41 |    85 ||   141
